Map: Beckett Industries LE

Players

Player 2

  • Race: Terran Terran

TheAbbott - Winner!

  • Race: Terran Terran
  • League: Bronze

VOD

Have the link to the VOD?

Description

Time

  • Played on: July 23, 2021, 10:54 a.m.
  • Length: 7:54
Show
View Real Time Build Order
Export as new Build Order

Player 2 Terran 

Build Orders: Reaper Expand 

Get SALT Encoding   

  12  0:00  SCV  
  13  0:13  SCV  
  14  0:18  Supply Depot  
  14  0:42  Barracks  
  14  1:03  Command Center  
  14  1:30  Supply Depot  
  14  1:31  Marine, Orbital Command  
  15  1:37  Refinery  
  15  1:50  Refinery  
  15  1:56  SCV  
  16  2:08  SCV  
  16  2:14  SCV  
  18  2:17  Reaper  
  18  2:22  SCV  
  20  2:29  SCV  
  21  2:36  SCV  
  22  2:43  SCV  
  23  2:50  SCV  
  24  2:52  Refinery  
  24  2:57  SCV  
  25  3:03  Marine  
  25  3:05  SCV  
  27  3:12  SCV  
  28  3:18  Factory  
  28  3:19  SCV  
  29  3:43  Refinery  
  29  3:44  SCV  
  30  3:49  Marine  
  30  3:52  SCV  
  32  3:57  Supply Depot  
  32  3:59  SCV  
  33  4:03  Starport  
  33  4:06  SCV  
  33  4:08  Barracks Tech Lab  
  34  4:13  SCV  
  35  4:20  SCV  
  36  4:27  SCV  
  36  4:30  Supply Depot  
  37  4:35  SCV, Marauder  
  40  4:41  Starport Tech Lab  
  40  4:42  SCV  
  41  4:49  SCV  
  42  4:56  SCV  
  43  5:00  Raven  
  43  5:03  SCV  
  43  5:04  Supply Depot  
  43  5:06  Hellion  
  41  5:10  SCV  
  30  5:18  SCV  
  25  5:25  SCV  
  25  5:32  SCV  
  25  5:43  Raven  
  25  5:46  SCV  
  23  5:58  SCV  
  24  6:10  SCV  
  14  6:20  Marauder  
  14  6:23  SCV  
  14  6:25  Command Center  
  9  6:26  Raven  
  10  6:35  SCV  
  6  6:57  Factory  
  6  7:05  Marine  
Show
View Real Time Build Order
Export as new Build Order

TheAbbott Terran - Winner!

Build Orders: 1/1/1 

Get SALT Encoding   

  12  0:00  SCV  
  13  0:12  SCV  
  14  0:17  Supply Depot  
  14  0:25  SCV  
  15  0:29  Refinery  
  15  0:38  SCV  
  16  0:46  Barracks  
  16  0:56  SCV  
  17  0:57  Refinery  
  17  1:08  SCV  
  18  1:20  SCV  
  19  1:34  Marine  
  19  1:35  Orbital Command  
  19  1:37  Factory  
  20  1:50  Supply Depot  
  20  1:54  Marine  
  22  2:01  SCV  
  22  2:22  Starport  
  22  2:23  Factory Tech Lab  
  22  2:25  Marine  
  22  2:26  SCV  
  24  2:33  Supply Depot  
  24  2:38  SCV  
  24  2:42  Siege Tank  
  28  2:51  Marine  
  28  2:55  SCV  
  30  2:58  Medivac  
  30  3:05  Supply Depot  
  32  3:10  Marine  
  33  3:14  Siege Tank  
  36  3:28  Medivac, Marine  
  39  3:46  Marine  
  40  3:59  Command Center  
  40  4:27  SCV  
  40  4:30  Supply Depot  
  41  4:38  Starport Reactor  
  41  4:39  SCV  
  41  4:42  Factory Reactor  
  42  4:49  Engineering Bay, Barracks  
  42  4:50  Barracks  
  42  4:55  Stimpack  
  42  4:56  Marine  
  42  4:58  SCV  
  44  5:10  SCV  
  45  5:14  Marine  
  46  6:35  Combat Shield  
  46  6:37  Factory Tech Lab  
  46  6:39  Starport Reactor  
  46  6:41  Marine x5  
  51  6:50  Orbital Command  
  51  6:57  Missile Turret  
  51  6:59  Marine, Missile Turret  
  52  7:04  SCV, Missile Turret  
  52  7:05  Missile Turret x2  
  52  7:06  Marine x4  
  52  7:08  Siege Tank  
  60  7:16  SCV  
  60  7:17  SCV, Bunker  
  62  7:28  SCV  
  62  7:29  SCV  
  64  7:40  SCV  
  64  7:42  SCV  
Tags
 
Add a new tag
Caveats
  • Supply blocks, unpowered buildings, or Contaminate may cause inaccurate times.
  • Supply counts are checked every 10 seconds.